AoeStats
← 白内障看不清,充能步枪滋眼睛

Arena

509356271Analyzed
4v4 RM · 7d ago on Sep 26, 2026· 56m 17s· 8 players
Game mode
Random Map
Map size
Large (8 player)
Population
200
Speed
Normal
Resources
Standard
Victory
Conquest
Starting age
Dark Age
Ending age
Imperial Age
RankedLock teamsTeams togetherTeam positionsShared explorationLock speedFull tech treeHidden civsTurbo modeCheats
Victory
Defeat
🇨🇳 Teutons · China
991
+12
🇨🇳 Mongols · China
984
+12
🇦🇷 Cumans · Argentina
941
+14
🇹🇼 Danes · Taiwan
980
-15
🇹🇼 Britons · Taiwan
923
-14
🇹🇼 Turks · Taiwan
873
-12
🇹🇼 Wei · Taiwan
838
-10
QZ7
10:20 Feudal Age
18:21 Castle Age
17:08 Stone Mining
17:16 Double-Bit Axe
23:00 Horse Collar
23:53 Fletching
26:20 Bodkin Arrow
28:35 Bow Saw
29:05 Heavy Plow
29:33 Padded Archer Armor
30:28 Wheelbarrow
30:44 Steppe Husbandry
33:29 Hand Cart
33:06 Gold Mining
33:58 Pikeman
34:38 Squires
34:56 Forging
38:26 Imperial Age
36:34 Capped Ram
38:50 Iron Casting
40:16 Two-Man Saw
39:49 Crop Rotation
38:52 Elite Kipchak
41:46 Parthian Tactics
42:23 Blast Furnace
41:47 Leather Archer Armor
43:45 Gold Shaft Mining
43:40 Heavy Cavalry Archer
46:25 Elite Skirmisher
48:33 Chemistry
47:53 Ballistics
48:50 Ring Archer Armor
51:37 Cuman Mercenaries
白内障看不清,充能步枪滋眼睛
11:25 Feudal Age
12:02 Double-Bit Axe
14:19 Horse Collar
16:52 Castle Age
16:30 Wheelbarrow
19:26 Bow Saw
19:56 Heavy Plow
23:05 Hand Cart
29:23 Imperial Age
28:37 Ballistics
29:29 Chemistry
28:50 Ballistics
29:59 Fletching
31:19 Conscription
31:06 Wagenburg Tactics
31:26 Pikeman
32:06 Squires
34:35 Siege Engineers
35:52 Halberdier
36:17 Arson
42:15 Bodkin Arrow
42:21 Padded Archer Armor
42:31 Forging
42:21 Scale Mail Armor
42:21 Murder Holes
53:51 Houfnice
白仔
10:55 Feudal Age
12:51 Double-Bit Axe
15:14 Castle Age
13:12 Horse Collar
16:33 Wheelbarrow
17:05 Bow Saw
17:41 Loom
19:46 Heavy Plow
21:26 Gold Mining
22:55 Fletching
23:38 Bodkin Arrow
23:43 Padded Archer Armor
25:43 Bloodlines
25:33 Husbandry
25:56 Leather Archer Armor
27:07 Forging
27:02 Scale Barding Armor
29:00 Ballistics
32:31 Imperial Age
31:06 Iron Casting
31:10 Thumb Ring
31:40 Town Watch
33:07 Hand Cart
33:45 Conscription
32:56 Heavy Camel Rider
34:04 Bracer
36:06 Chain Barding Armor
36:48 Blast Furnace
38:15 Chemistry
38:34 Elite Mangudai
43:41 Town Patrol
43:39 Murder Holes
43:55 Masonry
43:50 Siege Engineers
45:39 Gold Shaft Mining
44:54 Stone Mining
44:36 Light Cavalry
51:40 Stone Shaft Mining
51:17 Scale Mail Armor
白桵
12:47 Feudal Age
17:18 Castle Age
15:12 Double-Bit Axe
15:14 Horse Collar
15:49 Gold Mining
17:04 Wheelbarrow
23:44 Hand Cart
23:44 Bow Saw
23:41 Heavy Plow
24:29 Loom
25:39 Scale Barding Armor
25:45 Forging
28:53 Iron Casting
28:39 Chain Barding Armor
31:58 Scale Mail Armor
32:11 Bloodlines
35:24 Chain Mail Armor
40:22 Imperial Age
39:02 Stone Mining
40:26 Bloodlines
43:10 Blast Furnace
43:37 Crop Rotation
44:14 Two-Man Saw
43:42 Conscription
45:18 Stone Shaft Mining
46:48 Elite Teutonic Knight
48:08 Plate Mail Armor
48:26 Caravan
49:58 Man-at-Arms
50:39 Squires
50:25 Gambesons
50:27 Arson
51:24 Plate Barding Armor
51:51 Cavalier
戳戳吸毒包
5:29 Loom
10:55 Feudal Age
12:00 Double-Bit Axe
12:09 Horse Collar
17:44 Castle Age
16:29 Gold Mining
17:40 Forging
18:51 Bow Saw
19:13 Squires
20:47 Arson
22:07 Fletching
23:08 Gold Shaft Mining
25:27 Town Watch
26:26 Hamask
32:36 Thumb Ring
36:49 Imperial Age
34:36 Bodkin Arrow
35:17 Ballistics
36:42 Wheelbarrow
36:57 Onager
38:08 Masonry
39:14 Cranequins
40:14 Northmen's Fury
42:32 Murder Holes
43:11 Conscription
43:48 Elite Jomsviking
50:04 Heavy Mounted Crossbowman
50:47 Bracer
51:29 Hand Cart
52:26 Padded Archer Armor
53:43 Chemistry
53:00 Husbandry
53:11 Bloodlines
55:11 Leather Archer Armor
TEN
8:27 Loom
11:38 Feudal Age
14:35 Double-Bit Axe
20:03 Castle Age
22:41 Bow Saw
22:15 Horse Collar
23:46 Wheelbarrow
25:15 Husbandry
25:26 Bloodlines
28:04 Heavy Plow
29:45 Hand Cart
29:39 Gold Mining
35:27 Imperial Age
34:31 Scale Barding Armor
33:51 Pikeman
36:51 Ballistics
37:32 Chemistry
36:46 Tuntian
37:53 Heavy Hei Guang Cavalry
44:18 Squires
48:17 Scale Mail Armor
48:28 Forging
48:59 Halberdier
呼嘛觀世音
10:53 Loom
12:39 Feudal Age
14:04 Double-Bit Axe
19:11 Castle Age
19:43 Fletching
19:21 Crossbowman
28:39 Bow Saw
32:28 Yeomen
32:08 Bodkin Arrow
34:12 Wheelbarrow
33:40 Padded Archer Armor
33:56 Town Watch
37:32 Horse Collar
42:02 Elite Skirmisher
43:25 Leather Archer Armor
44:55 Ballistics
炸雞勇者
1:45 Loom
11:41 Feudal Age
13:18 Double-Bit Axe
20:26 Castle Age
19:43 Gold Mining
24:58 Imperial Age
32:09 Bow Saw
36:47 Wheelbarrow
39:58 Conscription
40:12 Hand Cart
42:15 Two-Man Saw
45:32 Artillery
46:26 Husbandry
46:37 Bloodlines
Connection lost

Rejoining the realm…

Still unreachable

The connection could not be restored.

Session expired

The server has moved on; the page needs a fresh start.